Map: Traitor's Exile

Players

Cbog - Winner!

  • Race: Zerg Zerg
  • League: Platinum
  • Spawn Location: 9:00

Fridge - Winner!

  • Race: Protoss Protoss
  • League: Gold
  • Spawn Location: 12:00

ZeroTheHero

  • Race: Protoss Protoss
  • League: Platinum
  • Spawn Location: 6:00

WhiteHorse

  • Race: Zerg Zerg
  • Spawn Location: 5:00

VOD

Have the link to the VOD?

Description

Time

  • Played on: Sept. 9, 2018, 9:31 p.m.
  • Length: 21:03
Show
View Real Time Build Order
Export as new Build Order

Cbog Zerg - Winner!

Build Orders: Pool First 

Get SALT Encoding   

  12  0:01  Drone  
  13  0:08  Drone  
  14  0:20  Extractor, Drone  
  14  0:21  Extractor  
  14  0:22  Drone  
  16  0:39  Extractor  
  15  0:43  Spawning Pool  
  15  0:46  Overlord  
  15  1:18  Drone  
  15  1:19  Drone x2  
  17  1:32  Zergling x2  
  18  1:36  Hatchery  
  17  1:41  Zergling x2  
  17  2:02  Zergling x2  
  17  2:03  Zergling x2  
  17  2:07  Queen  
  21  2:12  Roach Warren  
  21  2:14  Metabolic Boost  
  20  2:18  Drone  
  18  3:08  Queen  
  18  3:10  Overlord x2  
  20  3:13  Roach  
  20  3:14  Roach x3  
  28  3:28  Roach x2  
  28  3:30  Roach  
  30  3:59  Roach  
  30  4:00  Roach x3  
  38  4:03  Zergling x4  
  36  4:57  Zergling x12  
  36  5:11  Zergling x2  
  36  5:12  Zergling x2  
  34  6:04  Zergling x14  
  31  6:05  Zergling x4  
  35  6:41  Roach  
  35  6:42  Roach x3  
  38  7:02  Spine Crawler  
  38  7:05  Spine Crawler  
  33  7:09  Spine Crawler  
  28  7:32  Drone x3  
  29  7:52  Roach x3  
  35  8:08  Lair  
  35  8:09  Drone  
  35  8:10  Drone  
  37  8:13  Overlord  
  37  8:14  Overlord x2  
  28  8:40  Roach  
  28  8:41  Roach x3  
  36  8:47  Extractor  
  31  9:11  Roach x2  
  31  9:12  Roach x3  
  41  9:21  Baneling Nest  
  41  9:23  Drone  
  41  9:44  Drone  
  41  9:45  Drone x2  
  42  10:01  Hatchery  
  41  10:21  Centrifical Hooks  
  39  11:16  Hatchery  
  38  11:20  Zergling x2  
  38  11:21  Zergling x12  
  38  11:53  Zergling x2  
  33  11:54  Zergling x12  
  27  12:16  Roach  
  27  12:17  Roach x2  
  30  12:47  Zergling x8  
  27  13:02  Zergling x4  
  27  13:03  Zergling x2  
  24  13:42  Overseer  
  18  14:00  Zergling x2  
  18  14:01  Zergling x14  
  24  14:07  Queen  
  17  15:07  Overseer  
Show
View Real Time Build Order
Export as new Build Order

Fridge Protoss - Winner!

Build Orders:  

Get SALT Encoding   

  12  0:01  Probe  
  13  0:13  Probe  
  14  0:22  Pylon  
  14  0:25  Probe  
  15  0:36  Assimilator  
  15  0:40  Probe  
  16  0:52  Gateway  
  16  1:01  Gateway  
  16  1:02  Probe  
  17  1:14  Probe  
  18  1:28  Probe  
  19  1:44  Cybernetics Core  
  19  1:51  Pylon  
  19  1:55  Pylon  
  19  1:58  Zealot  
  19  1:59  Zealot  
  23  2:12  Probe  
  23  2:13  Pylon  
  24  2:17  Zealot  
  26  2:53  Stalker x2  
  30  3:11  Stargate  
  30  3:13  Forge  
  28  3:46  Void Ray  
  28  4:03  Pylon  
  28  4:22  Photon Cannon  
  28  4:24  Photon Cannon  
  28  4:27  Photon Cannon  
  28  4:31  Photon Cannon  
  24  4:33  Photon Cannon  
  24  4:35  Photon Cannon  
  24  4:37  Pylon  
  24  5:04  Photon Cannon  
  24  5:06  Photon Cannon  
  24  5:10  Pylon  
  24  5:43  Gateway  
  24  5:47  Forge  
  24  6:37  Cybernetics Core  
  24  7:18  Robotics Facility  
  24  8:06  Warp Prism  
  26  8:19  Stalker  
  28  8:42  Observer  
  29  9:35  Nexus  
  29  10:26  Observer  
  29  11:16  Assimilator  
  29  11:58  Assimilator  
  29  11:59  Probe  
  30  12:08  Pylon  
  30  12:10  Pylon  
  30  12:11  Probe  
  31  12:21  Nexus  
  31  12:22  Pylon  
  31  12:23  Probe  
  31  12:25  Pylon  
  32  12:35  Probe  
  33  12:44  Photon Cannon  
  33  12:47  Probe  
  34  12:51  Stargate  
  34  12:59  Probe  
  35  13:18  Photon Cannon  
  35  13:21  Stargate  
  35  13:36  Probe  
  36  13:48  Probe  
  37  13:52  Void Ray  
  41  14:03  Stargate  
  41  14:07  Probe  
  42  14:11  Assimilator, Probe  
  42  14:15  Assimilator  
  43  14:18  Photon Cannon  
  43  14:23  Probe  
  44  14:25  Void Ray  
  48  14:35  Probe  
  49  14:46  Void Ray  
  49  14:47  Probe  
  54  15:01  Void Ray  
  54  15:14  Void Ray  
  58  15:21  Probe  
  59  15:32  Gateway  
  59  15:33  Probe  
  60  15:37  Void Ray  
  64  15:46  Probe  
  65  15:58  Probe  
  65  15:59  Photon Cannon  
  65  16:02  Void Ray, Photon Cannon  
  65  16:04  Shield Battery  
  70  16:06  Probe  
  70  16:07  Shield Battery  
  70  16:08  Photon Cannon  
  70  16:10  Pylon  
  71  16:14  Void Ray, Probe  
  75  16:24  Photon Cannon  
  76  16:29  Photon Cannon  
  64  16:43  Void Ray  
  68  16:52  Photon Cannon  
  68  16:54  Photon Cannon  
  68  16:56  Shield Battery  
  64  17:36  Void Ray  
  64  17:37  Void Ray x2  
  68  18:19  Void Ray x3  
  76  18:46  Observer  
  76  18:49  Probe  
  77  19:01  Probe  
  77  19:02  Void Ray x2  
  82  19:05  Pylon  
  82  19:08  Pylon  
  83  19:12  Pylon  
  83  19:13  Probe  
  78  19:48  Pylon  
  78  19:50  Pylon  
Show
View Real Time Build Order
Export as new Build Order

ZeroTheHero Protoss 

Build Orders:  

Get SALT Encoding   

  12  0:12  Probe  
  12  0:13  Pylon  
  12  0:20  Probe  
  14  0:29  Probe  
  14  0:34  Assimilator  
  15  0:50  Pylon  
  15  0:57  Forge  
  15  1:07  Probe  
  15  1:09  Pylon  
  16  1:30  Photon Cannon  
  16  1:33  Photon Cannon  
  16  1:35  Probe  
  17  1:47  Probe  
  17  1:53  Pylon  
  18  2:03  Pylon  
  18  2:24  Photon Cannon  
  18  2:26  Pylon  
  18  2:46  Photon Cannon  
  18  2:49  Photon Cannon  
  18  2:53  Pylon  
  18  2:58  Assimilator  
  18  3:00  Assimilator  
  18  3:12  Photon Cannon  
  18  3:14  Photon Cannon  
  18  3:39  Pylon  
  17  4:01  Photon Cannon  
  17  4:04  Photon Cannon  
  17  4:06  Photon Cannon  
  17  4:07  Pylon  
  17  4:14  Photon Cannon  
  17  4:20  Pylon  
  17  4:32  Photon Cannon  
  17  4:41  Photon Cannon  
  17  4:53  Photon Cannon  
  1  7:08  Nexus  
  1  8:33  Probe  
  2  9:13  Probe  
  3  9:32  Probe  
  4  10:24  Pylon  
  4  10:43  Probe  
  5  11:05  Probe  
  6  11:17  Probe  
  7  11:28  Probe  
  8  11:36  Probe  
  8  11:45  Probe  
  10  12:44  Forge  
  8  14:08  Forge  
  8  14:26  Pylon  
  7  14:45  Photon Cannon  
  7  14:49  Probe  
  7  14:51  Photon Cannon  
  7  14:58  Probe  
  8  15:04  Assimilator  
  8  15:06  Probe  
  10  15:18  Probe  
  10  15:26  Probe  
  11  15:34  Probe  
  13  15:58  Gateway  
  13  16:10  Probe  
  14  16:16  Assimilator  
  14  17:16  Probe  
  15  17:24  Probe  
  16  17:30  Cybernetics Core  
  16  17:34  Probe  
  17  17:46  Probe  
  18  17:58  Probe  
  19  18:24  Stargate  
  19  18:26  Stargate  
  19  18:35  Probe  
  20  18:43  Probe  
  21  18:53  Probe  
  22  19:03  Void Ray  
  22  19:05  Probe  
  23  19:12  Void Ray  
  31  19:17  Probe  
  30  20:22  Nexus  
Show
View Real Time Build Order
Export as new Build Order

WhiteHorse Zerg 

Build Orders: Pool First 

Get SALT Encoding   

  12  0:01  Drone  
  13  0:10  Drone  
  14  0:21  Overlord  
  14  0:40  Drone x3  
  17  0:48  Extractor  
  16  0:50  Spawning Pool  
  16  0:51  Drone  
  16  1:24  Overlord  
  16  1:37  Queen  
  16  1:38  Zergling x6  
  21  1:42  Spine Crawler  
  21  1:45  Spine Crawler  
  19  1:49  Zergling x2  
  20  2:02  Zergling x2  
  20  2:07  Metabolic Boost  
  21  2:11  Zergling x2  
  22  2:23  Zergling x2  
  23  2:38  Zergling x2  
  23  2:43  Zergling x2  
  24  3:01  Zergling x2  
  24  3:03  Queen  
  24  3:04  Overlord  
  26  3:17  Zergling x2  
  25  3:25  Zergling x2  
  23  3:37  Zergling x2  
  23  3:47  Zergling x2  
  24  4:00  Spore Crawler  
  24  4:01  Queen  
  25  4:04  Zergling x2  
  25  4:06  Baneling Nest  
  25  4:09  Zergling x2  
  26  4:10  Spine Crawler  
  26  4:11  Spine Crawler  
  23  4:20  Zergling x2  
  23  4:30  Zergling x4  
  25  4:38  Zergling x2  
  22  5:01  Baneling x6  
  21  5:07  Zergling x2  
  20  5:24  Zergling x4  
  21  5:38  Zergling x4  
  22  5:52  Zergling x2  
  21  6:07  Zergling x6  
  24  6:21  Zergling x2  
  25  6:28  Baneling  
  25  6:29  Zergling x2  
  18  7:49  Zergling x8  
  18  7:50  Zergling x4  
  22  7:53  Lair  
  22  8:43  Hatchery  
  21  8:55  Overlord  
  21  8:58  Drone x2  
  22  9:15  Drone x3  
  24  9:34  Extractor, Drone  
  24  9:35  Hydralisk Den, Drone  
  24  9:44  Drone  
  24  9:45  Drone  
  26  10:08  Drone  
  26  10:09  Drone x5  
  32  10:22  Lurker Den  
  31  10:29  Hydralisk  
  31  10:31  Hydralisk  
  31  11:19  Hydralisk x5  
  37  11:40  Hydralisk x3  
  37  11:41  Hydralisk  
  45  12:01  Lurker  
  46  12:15  Extractor  
  45  12:16  Lurker  
  45  12:21  Extractor  
  45  12:23  Overlord  
  43  13:05  Hydralisk x3  
  43  13:06  Hydralisk x2  
  43  13:07  Overlord  
  43  13:08  Overlord  
  49  13:42  Hydralisk x3  
  49  13:43  Hydralisk  
  49  14:06  Hydralisk x2  
  49  14:07  Hydralisk  
  49  14:09  Overlord  
  50  15:14  Hydralisk x4  
  50  15:15  Hydralisk  
  60  15:24  Lurker  
  60  15:27  Drone x4  
  60  15:28  Drone  
  66  16:01  Drone x5  
  66  16:02  Drone x2  
  66  16:03  Overlord  
  73  16:17  Lurker x2  
  54  16:42  Hydralisk  
  54  16:43  Hydralisk x6  
  60  16:52  Spore Crawler  
  59  16:55  Spore Crawler  
  59  16:57  Spore Crawler  
  46  17:31  Hydralisk  
  46  17:32  Hydralisk x6  
  56  17:37  Spore Crawler  
  17  20:06  Hatchery  
Tags
 
Add a new tag
Caveats
  • Supply blocks, unpowered buildings, or Contaminate may cause inaccurate times.
  • Supply counts are checked every 10 seconds.